 Dungeon Crawl Stone Soup version 0.31-a0-1522-g43313d8a59 (webtiles) character file.

Game seed: 5504210300441037680

13 TheScarfBastard the Chopper (level 2, -18/27 HPs)
             Began as a Minotaur Berserker on Dec 31, 2023.
             Was a Follower of Trog.
             Demolished by a kobold
             ... wielding a +0 dagger of distortion
              (20 damage)
             ... on level 1 of the Dungeon.
             The game lasted 00:00:31 (396 turns).

TheScarfBastard the Chopper (Minotaur Berserker)     Turns: 396, Time: 00:00:32

Health: -18/27     AC:  2    Str: 21    XL:     2   Next: 24%
Magic:  1/1        EV: 12    Int:  4    God:    Trog [*.....]
Gold:   34         SH:  0    Dex:  9    Spells: 1/1 levels left

rFire   . . .        a - +0 hand axe
rCold   . . .        (no shield)
rNeg    . . .        b - +0 animal skin
rPois   .            (helmet restricted)
rElec   .            (no cloak)
rCorr   .            (no gloves)
SInv    .            (no boots)
Will    .....        (no amulet)
Stlth   +            (no ring)
HPRegen 0.24/turn    (no ring)
MPRegen 0.07/turn

%: no passive effects
@: no status effects
A: horns 2, retaliatory headbutt
a: Renounce Religion, Berserk


You were on level 1 of the Dungeon.
You worshipped Trog.
Trog was aware of your devotion.
You visited 1 branch of the dungeon, and saw 1 of its levels.

You collected 34 gold pieces.

Inventory:

Hand Weapons
 a - a +0 hand axe (weapon)
Armour
 b - a +0 animal skin (worn)
Potions
 c - a potion of cancellation {unknown}
 d - a potion of magic {unknown}


   Skills:
 + Level 4.0 Fighting
 + Level 4.0 Axes
 + Level 2.5 Armour
 + Level 2.3 Dodging


You had one spell level left.
You didn't know any spells.
Your spell library was empty.

Dungeon Overview and Level Annotations

Branches:
Dungeon (1/15)

Altars:


Innate Abilities, Weirdness & Mutations

You have a pair of horns on your head.
You reflexively headbutt those who attack you in melee.


Message History

Your Fighting skill increases to level 4!
d - a fuming red potion A rat comes into view.
The rat squeaks loudly.
You completely miss the rat. The rat bites you.
You hit the rat.
The rat is moderately wounded.
The rat barely misses you. You furiously retaliate!
You headbutt the rat.
You kill the rat!
Trog accepts your kill.
You see here a rat corpse.
There is a staircase leading out of the dungeon here.
You enter the shallow water.
Moving in this stuff is going to be slow.
There is a staircase leading out of the dungeon here.
A rat comes into view.
Found a stone staircase leading down.
The rat squeaks loudly.
A kobold comes into view.
It is wielding a +0 dagger of distortion.
You hit the rat.
You kill the rat!
Trog accepts your kill.
You hit the kobold but do no damage.
The kobold hits you with a +0 dagger of distortion.
Space warps around you.
You barely miss the kobold.
The kobold hits you with a +0 dagger of distortion.
Space warps around you.
You completely miss the kobold. The kobold hits you but does no damage.
You blink.
The kobold hits you with a +0 dagger of distortion.
Space warps horribly around you!
* * * LOW HITPOINT WARNING * * *
You closely miss the kobold. You headbutt the kobold.
The kobold is severely wounded.
The kobold hits you with a +0 dagger of distortion.
* * * LOW HITPOINT WARNING * * *
Space warps horribly around you!!
Ouch! That really hurt!
You die...

..# #.## ..# #..#######
..## #........# ...####
#........# ##....##
#.....^..# ####..#
#........# ##.#
#........#
#.###........#
#####........##@##
#..............K## #####
#................#......
##....................#
................###..>#
.....############ ##.#
.....# # .....# .....#


You could see a kobold.

Vanquished Creatures
  A bat (D:1)
  2 hobgoblins (D:1)
  3 jackals (D:1)
  A quokka (D:1)
  A ball python (D:1)
  4 rats (D:1)
12 creatures vanquished.

Notes
Turn   | Place    | Note
-------+----------+-------------------------------------------
     0 | D:1      | TheScarfBastard the Minotaur Berserker began the quest for
                  | the Orb.
     0 | D:1      | Reached XP level 1. HP: 19/19 MP: 0/0
   214 | D:1      | Reached XP level 2. HP: 27/27 MP: 1/1
   396 | D:1      | Demolished by a kobold

Illustrated notes

Levels and vault maps discovered:
D:1:      ldierk_walled_garden_2, layout_basic

Skill      XL: |  1  2 |
---------------+-------+-----
Axes           | 4 |  4.0
Fighting       | 4 |  4.0
Armour         | |  2.5
Dodging        | |  2.3

Action                     || total
---------------------------++-------
  Melee: Hand axe          ||    24
         Headbutt          ||     2
 Armour: Animal skin       ||    15
  Dodge: Dodged            ||    21

Table legend: (Time is in decaauts)
 A = Elapsed time spent in this place.
 B = Non-inter-level travel time spent in this place.
 C = Inter-level travel time spent in this place.
 D = Time resting spent in this place.
 E = Time spent auto-exploring this place.
 F = Levels seen in this place.
 G = Mean time per level.
                   A        B        C        D        E       F      G
               +--------+--------+--------+--------+--------+-----+--------+
         Total |    400 |    400 |      0 |      0 |    327 |   1 |  400.0 |
       Dungeon |    400 |    400 |      0 |      0 |    327 |   1 |  400.0 |
               +--------+--------+--------+--------+--------+-----+--------+

Top non-repeatable levels by time:
     D:1: 400 daAuts
